AoeStats
← drug god

Arabia

510519032Analyzed
1v1 RM · 2d ago on Oct 1, 2026· 45m 48s· 2 players
Game mode
Random Map
Map size
Tiny (2 player)
Population
200
Speed
Normal
Resources
Standard
Victory
Conquest
Starting age
Dark Age
Ending age
Imperial Age
RankedLock teamsTeams togetherTeam positionsShared explorationLock speedFull tech treeHidden civsTurbo modeCheats
Victory
Defeat
🇨🇳 Ethiopians · China
1035
+15
🇹🇼 Armenians · Taiwan
1014
-15
Victor_Hsueh
6:38 Loom
9:54 Feudal Age
10:26 Double-Bit Axe
10:47 Horse Collar
16:58 Gold Mining
17:28 Fletching
20:15 Padded Archer Armor
23:10 Wheelbarrow
22:51 Stone Mining
25:30 Castle Age
25:25 Man-at-Arms
25:52 Arson
26:09 Scale Mail Armor
26:31 Bodkin Arrow
25:58 Elite Skirmisher
27:10 Bow Saw
27:24 Heavy Plow
28:28 Leather Archer Armor
28:28 Gambesons
29:22 Long Swordsman
44:19 Imperial Age
43:31 Hand Cart
45:52 Bracer
drug god
3:48 Loom
9:37 Feudal Age
12:33 Fletching
17:34 Padded Archer Armor
23:57 Castle Age
22:22 Double-Bit Axe
22:48 Gold Mining
24:05 Crossbowman
24:42 Bodkin Arrow
26:27 Ballistics
29:12 Bow Saw
29:00 Stone Mining
39:38 Imperial Age
40:00 Arbalester
40:47 Bracer
43:21 Conscription
44:26 Chemistry
44:55 Wheelbarrow
Connection lost

Rejoining the realm…

Still unreachable

The connection could not be restored.

Session expired

The server has moved on; the page needs a fresh start.